 Dungeon Crawl Stone Soup version 0.18.1-48-g4cf74bf (webtiles) character file.

9856 Joat the Insei (level 11, -5/121 HPs)
             Began as a Green Draconian Monk on Sept 4, 2016.
             Was a Believer of Ru.
             Slain by a polar bear (18 damage)
             ... in an ice cave.
             The game lasted 01:01:20 (13820 turns).

Joat the Insei (Green Draconian Monk)              Turns: 13820, Time: 01:01:21

Health: -5/121     AC:  4    Str: 17    XL:     11   Next: 28%
Magic:  15/17      EV: 13    Int: 12    God:    Ru [**....]
Gold:   427        SH:  0    Dex: 15    Spells: 1 memorised, 15 levels left

rFire  x x .     SeeInvis .       - Unarmed
rCold  + + +     Gourm    .     (armour unavailable)
rNeg   . . .     Faith    .     (shield currently unavailable)
rPois  +         Spirit   .     (helmet currently unavailable)
rElec  .         Dismiss  .     (cloak currently unavailable)
rCorr  .         Reflect  .     (gloves currently unavailable)
SustAt .         Harm     .     (boots currently unavailable)
MR     .....                    O - amulet of rage
Stlth  ..........               j - ring of ice
                                v - ring of protection from cold

@: mighty, exhausted, ice-form, slowed, very slow, not resistant to hostile
enchantments, extremely unstealthy
A: (breathe noxious fumes), unfitting armour, (poison resistance), robust 1,
weak 1, (cold-blooded), no stealth, reduced AC 1, AC +7
a: End Transformation, Renounce Religion, Evoke Berserk Rage


You were in an ice cave.
You worshipped Ru.
Ru was pleased with you.
You were very hungry.
You were a creature of crystalline ice.
You visited 2 branches of the dungeon, and saw 11 of its levels.
You also visited: Sewer and Ice Cave.

You collected 427 gold pieces.

Inventory:

Armour
 f - a +0 buckler
 t - a +0 large shield
 z - a +2 hat (melded)
 M - a +1 cloak (melded)
Jewellery
 j - a ring of ice (right front paw)
 u - an uncursed ring of see invisible
 v - a ring of protection from cold (left front paw)
 x - an uncursed ring of magical power
 I - an uncursed amulet of magic regeneration
 J - an uncursed amulet of the gourmand
 O - an amulet of rage (around neck)
Wands
 d - a wand of digging (9/24)
 n - a wand of paralysis (12/24)
 p - a wand of digging (14/24)
 A - a wand of disintegration (8/24)
 P - a wand of teleportation (5/9)
Scrolls
 i - a scroll of recharging
 q - 3 scrolls of enchant weapon
 s - 4 scrolls of remove curse
 y - a scroll of noise
 B - 3 scrolls of identify
 H - a scroll of immolation
 Q - 2 scrolls of amnesia
Potions
 b - a potion of might
 e - 3 potions of mutation
 g - 7 potions of curing
 h - a potion of flight
 l - 2 potions of lignification {unknown}
 m - 3 potions of brilliance
 o - a potion of haste
 r - a potion of beneficial mutation {unknown}
 w - a potion of agility {unknown}
 E - 2 potions of berserk rage
 G - a potion of cure mutation {unknown}
 L - a potion of degeneration {unknown}
 N - 2 potions of resistance {unknown}
Books
 C - a book of Ice

   Spells                             Type                      Level
   a - Ice Form                       Ice/Transmutation            4
   b - Metabolic Englaciation         Hexes/Ice                    5
   c - Ozocubu's Refrigeration        Ice                          6
   d - Bolt of Cold                   Conjuration/Ice              6
   e - Freezing Cloud                 Conjuration/Ice/Air          6
   f - Simulacrum                     Ice/Necromancy               6
 F - a book of Power

   Spells                             Type                      Level
   a - Fulminant Prism                Conjuration/Hexes            4
   b - Iskenderun's Mystic Blast      Conjuration                  4
   c - Venom Bolt                     Conjuration/Poison           5
   d - Bolt of Magma                  Conjuration/Fire/Earth       5
   e - Iron Shot                      Conjuration/Earth            6
   f - Orb of Destruction             Conjuration                  7
   g - Spellforged Servitor           Conjuration/Summoning        7
Comestibles
 a - 6 bread rations
 k - 11 fruits
 D - a meat ration
 K - 2 slices of pizza


   Skills:
 - Level 7.3 Fighting
   Level 3.0 Axes
 - Level 6.5 Dodging
 - Level 5.0 Shields
 - Level 7.6 Unarmed Combat
 + Level 4.6 Spellcasting
 * Level 7.4 Transmutations
 * Level 7.0 Ice Magic
 - Level 5.1 Evocations


You had 15 spell levels left.
You knew the following spells:

 Your Spells              Type           Power        Failure   Level  Hunger
c - Ice Form              Ice/Trmt       ####....     14%         4    ####...


Dungeon Overview and Level Annotations

Branches:
Dungeon (9/15)             Temple (0/1) D:7            Lair (2/8) D:9
    Orc: D:9-12

Altars:
Gozag
Kikubaaqudgha
Okawaru
Qazlal
Ru
Trog
Vehumet


Innate Abilities, Weirdness & Mutations

((You can breathe blasts of noxious fumes.))
((Your lurid green scales are hard (AC +7).))
Your body does not fit into most forms of armour.
((Your system is resistant to poisons.))
You are weak. (Str -2)
((You are cold-blooded and may be slowed by cold attacks.))
You cannot be stealthy.
You take slightly more damage. (AC -3)
You are robust (+10% HP).


Message History

Drink which item? (? for menu, Esc to quit)
You feel much better. The wolf bites you.
* * * LOW HITPOINT WARNING * * *
The wolf barely misses you. x2; The polar bear bites you!
* * * LOW HITPOINT WARNING * * *
The polar bear claws you.
* * * LOW HITPOINT WARNING * * *
The polar bear closely misses you. The wolf bites you but does no damage.
Drink which item? (? for menu, Esc to quit)
You feel much better.
The polar bear is no longer blind.
The wolf completely misses you. The wolf bites you. x2
* * * LOW HITPOINT WARNING * * *
The polar bear bites you!
* * * LOW HITPOINT WARNING * * *
The polar bear claws you.
* * * LOW HITPOINT WARNING * * *
The polar bear claws you.
* * * LOW HITPOINT WARNING * * *
The wolf barely misses you. x2; The polar bear bites you!!
You die...

##.##.##
#.###.##
#..##..# #
#..###.# .#
##.# #.## #.#
###..# #..#
#.#### #...##
##.## ##.....#
..∩.##
#..#####hh...#
#....#
##..#.†hY....#
#..∩.#
##....†.#####
##..##
#..##### ####
####


You could see a polar bear and 2 wolves.

Vanquished Creatures
  Joseph (D:7)
  A spiny frog (Lair:1)
  2 komodo dragons (Lair:1)
  2 polar bears (IceCv)
  12 yaks
  A hippogriff (Lair:2)
  Grum (D:8)
  A porcupine (Lair:1)
  3 water moccasins
  7 orc warriors
  2 black bears
  2 phantoms
  4 sky beasts
  4 ogres
  A necrophage (D:9)
  7 wolves
  4 centaurs
  3 crocodiles
  Blork the orc (D:5)
  2 big kobolds (D:7)
  6 giant frogs
  A gnoll sergeant (D:7)
  A wyvern skeleton (D:6)
  8 scorpions
  2 wights
  A howler monkey (D:3)
  4 crimson imps
  3 jellies
  The ghost of Charly the Ruffian, a weakling VSTm of Cheibriados (D:5)
  A giant frog skeleton (D:6)
  3 hounds
  7 orc priests
  8 orc wizards
  5 iguanas
  Natasha (thrice) (D:4)
  8 worker ants
  7 sheep (Lair:2)
  A hound skeleton (D:5)
  A worker ant zombie (D:5)
  8 gnolls
  9 river rats (Lair:2)
  16 adders
  3 shadow imps
  3 adder skeletons
  An adder zombie (D:8)
  4 worms
  3 dart slugs
  10 giant geckos
  34 orcs
  A ball python (Sewer)
  14 giant cockroaches
  7 goblins
  7 hobgoblins
  15 jackals
  6 quokkas
  24 bats
  A giant gecko skeleton (D:5)
  10 giant newts
  A jackal zombie (D:5)
  16 kobolds
  7 rats
332 creatures vanquished.

Vanquished Creatures (others)
  14 fungi (D:9)
  5 plants (D:9)
19 creatures vanquished.

Grand Total: 351 creatures vanquished

Notes
Turn   | Place    | Note
--------------------------------------------------------------
     0 | D:1      | Joat the Draconian Monk began the quest for the Orb.
     0 | D:1      | Reached XP level 1. HP: 19/19 MP: 1/1
   518 | D:1      | Reached XP level 2. HP: 26/26 MP: 2/2
  1055 | D:2      | Reached XP level 3. HP: 27/33 MP: 3/3
  1756 | D:2      | Reached XP level 4. HP: 39/40 MP: 4/4
  1762 | D:2      | Found a bloodstained altar of Trog.
  2514 | D:3      | Found an iron altar of Okawaru.
  2679 | D:3      | Reached XP level 5. HP: 40/47 MP: 5/5
  2733 | D:3      | Reached skill level 5 in Unarmed Combat
  2978 | D:4      | Reached XP level 6. HP: 34/55 MP: 6/6
  3037 | D:4      | Noticed Natasha
  3046 | D:4      | Killed Natasha
  3046 | D:4      | Reached skill level 5 in Fighting
  3113 | D:4      | Noticed Natasha
  3123 | D:4      | Killed Natasha
  3297 | D:4      | Noticed Natasha
  3328 | D:4      | Killed Natasha
  3905 | D:4      | Got a fine hand axe
  3906 | D:4      | Identified the cursed +1 hand axe "Virchuaqurph" {freeze, Fragile rN++ Str+6} (You found it on level 4 of the Dungeon)
  4073 | D:5      | Entered Level 5 of the Dungeon
  4180 | D:5      | Found a glowing drain.
  4200 | Sewer    | Entered a sewer
  4303 | Sewer    | Reached skill level 1 in Axes
  4392 | Sewer    | Reached skill level 1 in Shields
  4468 | Sewer    | Your scales start taking on a lurid green colour.
  4468 | Sewer    | Reached XP level 7. HP: 36/61 MP: 7/7
  4468 | Sewer    | Gained mutation: Your system is resistant to poisons. [Green Draconian growth]
  5031 | D:5      | Found a sacrificial altar of Ru.
  5033 | D:5      | Found an ancient bone altar of Kikubaaqudgha.
  5035 | D:5      | Found a radiant altar of Vehumet.
  5061 | D:5      | Became a worshipper of Ru the Awakened
  5074 | D:5      | Gained mutation: You take slightly more damage. (AC -3) [Ru sacrifice]
  5074 | D:5      | Reached * piety under Ru
  5123 | D:5      | Gained mutation: You are robust (+10% HP). [mutagenic meat]
  5144 | D:5      | Reached skill level 5 in Shields
  5144 | D:5      | Reached XP level 8. HP: 46/74 MP: 8/8
  5567 | D:5      | Noticed Charly's ghost (weakling VSTm)
  5580 | D:5      | Killed Charly's ghost
  5580 | D:5      | Reached skill level 5 in Dodging
  5587 | D:5      | Noticed Blork the orc
  5611 | D:5      | Killed Blork the orc
  6168 | D:6      | Found a stormy altar of Qazlal.
  6992 | D:6      | Found an opulent altar of Gozag.
  7325 | D:6      | Learned a level 4 spell: Ice Form
  7369 | D:7      | Noticed Joseph
  7480 | D:6      | Reached skill level 1 in Transmutations
  7480 | D:6      | Reached skill level 1 in Ice Magic
  7480 | D:6      | Reached XP level 9. HP: 85/85 MP: 8/10
  7512 | D:6      | Reached skill level 1 in Spellcasting
  7966 | D:7      | Found a staircase to the Ecumenical Temple.
  8001 | D:7      | Killed Joseph
  8211 | D:7      | Gained mutation: You are weak. (Str -2) [Ru sacrifice]
  9047 | D:6      | Reached skill level 5 in Transmutations
  9274 | D:8      | Reached skill level 5 in Ice Magic
  9283 | D:8      | Noticed Grum
  9420 | D:8      | Killed Grum
  9420 | D:8      | Reached XP level 10. HP: 92/92 MP: 9/14
 11334 | D:9      | Gained mutation: You cannot be stealthy. [Ru sacrifice]
 11334 | D:9      | Reached ** piety under Ru
 11488 | D:9      | Reached skill level 1 in Evocations
 11732 | D:9      | Found a staircase to the Lair.
 11742 | Lair:1   | Entered Level 1 of the Lair of Beasts
 12109 | Lair:1   | Reached skill level 5 in Evocations
 12208 | Lair:1   | Noticed a spiny frog
 12221 | Lair:1   | Killed a spiny frog
 12559 | Lair:1   | Reached XP level 11. HP: 100/100 MP: 11/17
 13356 | Lair:2   | Found a frozen archway.
 13395 | IceCv    | Entered an ice cave
 13820 | IceCv    | Slain by a polar bear

Skill      XL: |  1  2  3  4  5  6  7  8  9 10 11 |
---------------+----------------------------------+-----
Dodging        | 3 4 6 |  6.5
Fighting       | 4 5 6 7 |  7.3
Unarmed Combat | 5 6 7 |  7.6
Axes           | 1 3 |  3.0
Shields        | 1 5 |  5.0
Transmutations | 1 5 7 |  7.4
Ice Magic      | 1 5 6 7 |  7.0
Spellcasting   | 3 4 |  4.6
Stealth        | 0 |  0.0
Evocations     | 5 |  5.1

Action                   |  1- 3 |  4- 6 |  7- 9 | 10-12 || total
-------------------------+-------+-------+-------+-------++-------
Melee: Unarmed           |   125 |   244 |   418 |   453 ||  1240
       Tailslap          |    14 |    38 |    88 |    31 ||   171
       Punch             |     1 |    11 |    13 |     9 ||    34
       Hand axe          |       |    59 |   140 |       ||   199
 Cast: Ice Form          |       |       |     2 |    19 ||    21
Invok: Sacrifice Health  |       |       |     1 |       ||     1
       Sacrifice Purity  |       |       |     1 |       ||     1
       Sacrifice Stealth |       |       |       |     1 ||     1
 Abil: Breathe Noxious F |       |       |    18 |     7 ||    25
       Evoke Berserk Rag |       |       |       |     4 ||     4
       End Transformatio |       |       |       |     1 ||     1
  Use: Scroll            |     4 |     2 |    12 |     2 ||    20
       Potion            |       |       |       |     3 ||     3
 Stab: Sleeping          |     4 |     5 |     5 |     1 ||    15
       Distracted        |       |     2 |     1 |     1 ||     4
       Confused          |       |       |    23 |     6 ||    29
       Invisible         |       |       |       |     2 ||     2
  Eat: Chunk             |     3 |     9 |    24 |    12 ||    48
       Fruit             |       |       |     1 |       ||     1
       Beef jerky        |       |       |     1 |       ||     1
       Bread ration      |       |       |     1 |       ||     1
       Royal jelly       |       |       |       |     1 ||     1
Armor: Skin              |    30 |    74 |    88 |    93 ||   285
Dodge: Dodged            |    72 |   219 |   327 |   404 ||  1022
Block: Large shield      |       |     8 |       |       ||     8
       Buckler           |       |       |    25 |       ||    25
